 Dungeon Crawl Stone Soup version 0.13-a0-2485-g242ae62 (webtiles) character file.

1427 JogiH the Magician (level 8, -3/67 HPs)
             Began as a Djinni Wizard on July 21, 2013.
             Was a Believer of Sif Muna.
             Slain by an orc
             ... wielding a +0,+1 orcish flail
              (5 damage)
             ... on Level 6 of the Dungeon.
             The game lasted 00:31:42 (9897 turns).

JogiH the Magician (Djinni Wizard)                  Turns: 9897, Time: 00:31:42

HP  -3/67        AC  7     Str  7      XL: 8   Next: 25%
MP   0/0         EV 13     Int 21      God: Sif Muna [**....]
Gold 184         SH  0     Dex 12      Spells:  6 memorised,  8 levels left

Res.Fire  : + + +   See Invis. : .   n - +1,+0 short sword (protect)
Res.Cold  : x . .   Warding    : .   s - +0 robe
Life Prot.: + + +   Conserve   : .   (no shield)
Res.Poison: .       Res.Corr.  : .   b - +0 wizard hat
Res.Elec. : .       Clarity    : .   (no cloak)
Sust.Abil.: . .     Spirit.Shd : .   (no gloves)
Res.Mut.  : .       Stasis     : .   (boots unavailable)
Res.Rott. : .       Flight     : .   (no amulet)
Saprovore : . . .                    i - cursed ring of hunger
                                     z - +1 ring of evasion

@: slightly resistant to hostile enchantments, unstealthy
A: no striking features
a: Channel Energy, Forget Spell, Renounce Religion


You were on level 6 of the Dungeon.
You worshipped Sif Muna.
Sif Muna was most pleased with you.
You were not hungry.

You visited 2 branches of the dungeon, and saw 8 of its levels.

You collected 164 gold pieces.

Inventory:

Hand weapons
 n - a +1,+0 short sword of protection (weapon)
 r - a +2,+0 dagger of flaming (quivered)
 t - a +0,+0 orcish hammer of holy wrath
 F - a +0,+0 orcish short sword of draining
Armour
 b - a +0 wizard hat (worn)
 p - a +0 orcish buckler
 s - a +0 robe (worn)
Magical devices
 q - a wand of digging (11) {unknown}
 E - a wand of disintegration (19) {unknown}
Scrolls
 a - 2 scrolls of random uselessness {unknown}
 d - 6 scrolls of identify
 f - 2 scrolls of enchant armour {unknown}
 h - a scroll of fog {unknown}
 j - 7 scrolls of remove curse {unknown}
 l - 2 scrolls of curse armour {unknown}
 u - a scroll of magic mapping {unknown}
 v - 2 scrolls of enchant weapon I {unknown}
 w - a scroll of amnesia {unknown}
 y - 2 scrolls of teleportation {unknown}
 A - 2 scrolls of fear {unknown}
 D - a scroll of immolation {unknown}
Jewellery
 g - an uncursed ring of teleport control
 i - a cursed ring of hunger (right hand)
 m - an uncursed ring of flight
 z - a +1 ring of evasion (left hand)
 G - an uncursed ring of sustenance {unknown}
 H - an uncursed ring of protection from magic {unknown}
Potions
 e - a potion of heal wounds
 k - a potion of poison
 o - 2 potions of mutation {unknown}
 x - 2 potions of restore abilities {unknown}
 B - a potion of speed {unknown}
 C - 2 potions of curing {unknown}
 I - 2 potions of agility {unknown}
Books
 c - a book of Minor Magic

   Spells                             Type                      Level
   *Magic Dart                        Conjuration                  1
   *Blink                             Translocation                2
   *Call Imp                          Summoning                    2
   *Repel Missiles                    Charms/Air                   2
   Slow                               Hexes                        2
   *Conjure Flame                     Conjuration/Fire             3
   *Mephitic Cloud                    Conjuration/Poison/Air       3


   Skills:
 - Level 1.0 Fighting
 - Level 2.0 Dodging
 - Level 2.1 Stealth
 + Level 7.4 Spellcasting
 * Level 6.7 Conjurations
 + Level 2.6 Summonings
 + Level 1.6 Translocations
 + Level 1.8 Fire Magic
 + Level 0.5 Air Magic
 + Level 0.5 Poison Magic
 * Level 2.5 Invocations


You had 8 spell levels left.
You knew the following spells:

 Your Spells              Type           Power        Failure   Level  Hunger
a - Magic Dart            Conj           ####         1%          1    None
b - Blink                 Tloc           N/A          10%         2    None
c - Call Imp              Summ           ###.......   6%          2    None
d - Conjure Flame         Conj/Fire      ####....     4%          3    #......
e - Mephitic Cloud        Conj/Pois/Air  ###.....     12%         3    #......
f - Repel Missiles        Chrm/Air       #.........   12%         2    None


Dungeon Overview and Level Annotations

Branches:
Dungeon (7/27)             Temple (1/1) D:4
    Orc: D:6-11

Altars:
Cheibriados
Elyvilon
Fedhas
Kikubaaqudgha
Makhleb
Nemelex Xobeh
Okawaru
Sif Muna
Trog
Xom
Yredelemnul
Zin
the Shining One

Annotations
D:4 Grinder


Message History

You barely miss the orc. The orc hits you with an orcish flail.
* * * LOW HITPOINT WARNING * * *
Your crimson imp hits the orc but does no damage.
You hit the orc but do no damage. The orc closely misses you.
Your crimson imp blinks!
Your crimson imp hits the orc.
You hit the orc but do no damage.
The orc is moderately wounded.
The orc hits you with an orcish flail.
* * * LOW HITPOINT WARNING * * *
The necrophage shoots an arrow.
The arrow misses you.
Your crimson imp blinks!
The orc hits you with an orcish flail!
* * * LOW HITPOINT WARNING * * *
The necrophage shoots an arrow.
The arrow hits your crimson imp.
Your crimson imp dies!
The necrophage shoots an arrow.
The arrow hits you!
* * * LOW HITPOINT WARNING * * *
The orc hits you with an orcish flail.
You die...

#.###.###...........P..P.........
#.# #.# #...###.#P....###...##.##
#.# #.# #.......P.....#.#.####.#
#.# #.# ####.......P....#....#.#
#.# #.# #..n..P.#....#.##.#.#
#.###.#########(..##.._.#..#.#.#
#.........# #(.P.#....#....#.#
#>........# #o........#.##.#.#
#.........#####5@..P..#.#.##.#.#
#...[......<..).......###.##[#.#
..........#####[####.P....##.#.#
..........# #.# ###.#####.#.##
..........# ###.######># #<#.#.
..........###.......##.# #.#.#.
....................##.# #.#.#.
.############..(....##.#####.#.#.
.........# #.......##...........


You could see a necrophage, an orc and a friendly crimson imp.

Vanquished Creatures
  2 orc warriors
  An ogre (D:6)
  A phantom (D:6)
  An ice beast (D:6)
  A giant frog (D:5)
  A goliath beetle (D:6)
  2 crimson imps
  3 orc wizards
  4 orc priests
  2 worker ants (D:5)
  An iguana (D:5)
  A hound (D:6)
  A jelly (D:5)
  An ogre skeleton (D:5)
  A hound skeleton (D:5)
  A worker ant zombie (D:5)
  3 adders
  4 worms
  8 giant geckos
  12 orcs
  11 bats
  2 bat skeletons
  13 goblins
  12 hobgoblins
  5 jackals
  A quokka (D:4)
  2 ball pythons
  4 giant cockroaches
  2 giant newts
  A goblin skeleton (D:4)
  10 kobolds
  A kobold zombie (D:5)
  9 rats
124 creatures vanquished.

Vanquished Creatures (collateral kills)
  2 crimson imps
  An orc priest (D:4)
  Ijyb (D:2)
  Jessica (D:3)
  Terence (D:2)
  2 adders
  An ooze (D:3)
  5 orcs
  A bat (D:2)
  A hobgoblin (D:1)
16 creatures vanquished.

Vanquished Creatures (others)
  A centaur (D:6)
  A crimson imp (D:6)
  2 shadow imps (D:2)
  2 white imps
  A goblin (D:1)
  2 giant spores (D:6)
  A jackal (D:1)
10 creatures vanquished.

Grand Total: 150 creatures vanquished

Notes
Turn   | Place    | Note
--------------------------------------------------------------
     0 | D:1      | JogiH, the Djinni Wizard, began the quest for the Orb.
     0 | D:1      | Reached XP level 1. HP: 14/14 MP: 0/0
   271 | D:1      | Reached skill level 4 in Spellcasting
   347 | D:1      | Reached XP level 2. EP: 16/23
   395 | D:1      | Learned a level 2 spell: Blink
   398 | D:1      | Learned a level 2 spell: Call Imp
  1455 | D:2      | Noticed Ijyb
  1489 | D:1      | Reached XP level 3. EP: 3/29
  1619 | D:2      | Learned a level 3 spell: Conjure Flame
  1623 | D:2      | Learned a level 3 spell: Mephitic Cloud
  2030 | D:2      | Killed Ijyb
  2074 | D:2      | Noticed Terence
  2093 | D:2      | Killed Terence
  2681 | D:3      | Found a burning altar of Makhleb.
  2770 | D:3      | Found a bloodstained altar of Trog.
  2924 | D:3      | Reached XP level 4. EP: 10/37
  3576 | D:3      | Noticed Jessica
  3593 | D:3      | Killed Jessica
  3717 | D:3      | Reached skill level 1 in Fighting
  3936 | D:3      | Reached skill level 5 in Spellcasting
  4126 | D:4      | Found a staircase to the Ecumenical Temple.
  4126 | D:4      | Noticed Grinder
  4154 | D:4      | Reached XP level 5. EP: 33/44
  4202 | D:4      | Learned a level 2 spell: Repel Missiles
  4406 | D:4      | Found an iron altar of Okawaru.
  4701 | Temple   | Entered the Ecumenical Temple
  4738 | Temple   | Became a worshipper of Sif Muna the Loreminder
  4935 | D:4      | Found a snail-covered altar of Cheibriados.
  4940 | D:4      | Noticed a phantom
  4943 | D:5      | Entered Level 5 of the Dungeon
  5623 | D:5      | Reached XP level 6. EP: 31/53
  5983 | D:5      | Reached skill level 6 in Spellcasting
  6367 | D:6      | Noticed a necrophage
  6398 | D:6      | Found an ancient bone altar of Kikubaaqudgha.
  6603 | D:6      | Acquired Sif Muna's first power
  6647 | D:6      | Reached XP level 7. EP: 24/59
  7125 | D:5      | Reached skill level 5 in Conjurations
  7192 | D:5      | Reached skill level 1 in Fire Magic
  8042 | D:5      | Reached skill level 7 in Spellcasting
  8042 | D:5      | Reached skill level 1 in Invocations
  9042 | D:6      | Reached XP level 8. EP: 16/67
  9514 | D:6      | Acquired Sif Muna's second power
  9897 | D:6      | HP: 2/67 [necrophage/arrow (5)]
  9897 | D:6      | Slain by an orc

Action                   |  1- 3 |  4- 6 |  7- 9 || total
-------------------------+-------+-------+-------++-------
Melee: Unarmed           |    20 |       |       ||    20
       Short sword       |       |    62 |    41 ||   103
 Cast: Magic Dart        |    85 |   103 |   145 ||   333
       Call Imp          |    14 |    16 |     9 ||    39
       Blink             |     1 |     3 |       ||     4
       Conjure Flame     |     2 |    13 |    23 ||    38
       Mephitic Cloud    |       |     6 |    12 ||    18
Invok: Channel Energy    |       |       |    17 ||    17
  Use: Scroll            |     1 |       |       ||     1
 Stab: Sleeping          |       |     2 |       ||     2
       Confused          |       |     1 |       ||     1
